AoeStats
← 8

Arena

509791226Analyzed
3v3 RM · 5d ago on Sep 28, 2026· 60m 28s· 6 players
Game mode
Random Map
Map size
Normal (6 player)
Population
200
Speed
Normal
Resources
Standard
Victory
Conquest
Starting age
Dark Age
Ending age
Imperial Age
RankedLock teamsTeams togetherTeam positionsShared explorationLock speedFull tech treeHidden civsTurbo modeCheats
Victory
Defeat
🇺🇸 Chinese · United States
1155
+18
🇦🇷 Saxons · Argentina
1144
+18
🇦🇷 Burgundians · Argentina
1118
+19
🇺🇸 Khmer · United States
1236
-19
🇺🇸 Dravidians · United States
1177
-18
🇮🇳 Italians · India
1172
-18
Carleo_Intestin
10:04 Feudal Age
14:09 Castle Age
12:34 Horse Collar
14:45 Double-Bit Axe
15:15 Scale Mail Armor
19:06 Squires
31:26 Imperial Age
29:32 Padded Archer Armor
29:48 Fletching
30:46 Leather Archer Armor
30:47 Bodkin Arrow
31:08 Leather Archer Armor
32:16 Bracer
33:32 Ballistics
36:41 Wheelbarrow
39:11 Ring Archer Armor
39:48 Chemistry
42:15 Chain Mail Armor
42:12 Forging
43:40 Plate Mail Armor
45:03 Scale Barding Armor
45:34 Iron Casting
45:15 Light Cavalry
46:05 Bloodlines
46:31 Chain Barding Armor
48:16 Blast Furnace
54:16 Hand Cart
55:15 Plate Barding Armor
55:27 Conscription
55:12 Elite Chu Ko Nu
57:32 Rocketry
60:28 Spies/Treason
Elbetoben181430
6:01 Double-Bit Axe
9:17 Loom
12:02 Feudal Age
10:45 Horse Collar
11:09 Gold Mining
13:03 Wheelbarrow
13:05 Town Watch
17:03 Castle Age
16:17 Heavy Plow
16:29 Bow Saw
17:09 Hand Cart
17:58 Gold Shaft Mining
17:54 Husbandry
17:37 Cavalier
21:10 Scale Barding Armor
23:02 Forging
24:30 Chain Barding Armor
24:36 Fervor
25:54 Iron Casting
31:43 Imperial Age
30:02 Murder Holes
32:51 Devotion
32:35 Paladin
33:52 Plate Barding Armor
35:12 Chemistry
33:36 Elite Skirmisher
36:03 Two-Man Saw
36:24 Blast Furnace
36:25 Ballistics
36:57 Conscription
37:02 Fletching
37:35 Padded Archer Armor
38:38 Pikeman
39:17 Halberdier
39:52 Arson
40:10 Scale Mail Armor
41:06 Block Printing
41:18 Illumination
41:12 Squires
43:11 Chain Mail Armor
42:48 Treadmill Crane
43:48 Burgundian Vineyards
45:39 Elite Coustillier
50:46 Masonry
SOG.Vexon
9:48 Feudal Age
10:16 Double-Bit Axe
11:26 Horse Collar
17:19 Castle Age
17:05 Stone Mining
18:26 Bow Saw
20:26 Heavy Plow
21:01 Loom
28:45 Gold Mining
30:20 Wheelbarrow
31:13 Squires
35:22 Imperial Age
33:05 Fletching
32:50 Pikeman
34:35 Bodkin Arrow
35:16 Scale Mail Armor
35:26 Forging
40:49 Bracer
41:30 Hand Cart
41:38 Chain Mail Armor
42:55 Plate Mail Armor
43:27 Iron Casting
43:50 Shield Wall
44:30 Halberdier
46:18 Ballistics
47:54 Hoardings
48:38 Conscription
50:37 Gold Shaft Mining
50:22 Padded Archer Armor
50:34 Elite Skirmisher
51:20 Thumb Ring
51:33 Elite Hearth Troop
54:16 Chemistry
55:42 Two-Man Saw
55:10 Masonry
55:54 Arson
56:32 Siege Engineers
57:00 Architecture
56:50 Murder Holes
58:00 Leather Archer Armor
Ra
9:44 Feudal Age
10:08 Loom
12:53 Castle Age
11:20 Double-Bit Axe
12:22 Horse Collar
19:33 Bloodlines
19:39 Scale Barding Armor
27:48 Wheelbarrow
27:01 Town Watch
28:57 Bow Saw
28:40 Gold Mining
29:06 Heavy Plow
30:08 Gold Mining
31:02 Hand Cart
30:47 Town Patrol
31:56 Husbandry
37:28 Gold Shaft Mining
37:19 Chain Barding Armor
37:09 Forging
40:26 Imperial Age
41:57 Tusk Swords
42:38 Iron Casting
46:21 Imperial Age
46:29 Elite Battle Elephant
49:43 Light Cavalry
50:39 Hussar
55:51 Blast Furnace
55:26 Plate Barding Armor
58:25 Conscription
dipsh*t
9:24 Feudal Age
13:58 Castle Age
12:58 Double-Bit Axe
12:54 Horse Collar
14:25 Loom
15:19 Wheelbarrow
18:10 Bow Saw
27:22 Hand Cart
33:32 Imperial Age
31:12 Fletching
31:59 Padded Archer Armor
33:09 Bodkin Arrow
33:30 Leather Archer Armor
35:58 Chemistry
35:18 Ballistics
35:12 Fortified Wall
36:53 Conscription
39:37 Two-Man Saw
38:39 Heavy Plow
39:46 Elite Skirmisher
43:38 Bracer
44:26 Bombard Tower
47:23 Ring Archer Armor
50:07 Pikeman
50:51 Squires
8
10:05 Feudal Age
14:42 Castle Age
14:11 Double-Bit Axe
14:18 Fletching
15:38 Gold Mining
17:49 Crossbowman
19:07 Bodkin Arrow
25:29 Wheelbarrow
27:22 Bow Saw
30:02 Hand Cart
29:45 Loom
36:22 Imperial Age
35:41 Padded Archer Armor
38:08 Chemistry
37:30 Bracer
37:21 Arbalester
42:20 Thumb Ring
42:37 Ballistics
Connection lost

Rejoining the realm…

Still unreachable

The connection could not be restored.

Session expired

The server has moved on; the page needs a fresh start.